TOP OF THE 1ST |
Rocky Mountain Nuggets batting - Pitching for Hartford Whalers : LHP Orlando Martínez
|
Pitching: LHP Orlando Martínez
|
|
Batting: RHB Mike Green
|
0-0: Ball 1-0: SOLO HOME RUN (Line Drive, 7LD), Distance : 359 ft
|
Batting: LHB Keith McKnight
|
0-0: Bunted foul 0-1: SOLO HOME RUN (Flyball, 9D), Distance : 385 ft
|
Batting: RHB David Verhoeve
|
0-0: Ground out U3 (Groundball, 3S)
|
Batting: SHB Charles Waller
|
0-0: Called Strike 0-1: Ball 1-1: Foul Ball, location: 2F 1-2: Ground out 4-3 (Groundball, 4S)
|
Batting: RHB Juan Ávila
|
0-0: Foul Ball, location: 2F 0-1: Ball 1-1: SOLO HOME RUN (Flyball, 78XD), Distance : 429 ft
|
Batting: SHB Jim Morris
|
0-0: SINGLE (Line Drive, 56)
|
Batting: RHB Mark Melton
|
0-0: Called Strike 0-1: Ball 1-1: Ground out 5-3 (Groundball, 5)
|
Top of the 1st over - 3 run(s), 4 hit(s), 0 error(s), 1 left on base; Rocky Mountain 3 - Hartford 0 |
BOTTOM OF THE 1ST |
Hartford Whalers batting - Pitching for Rocky Mountain Nuggets : RHP Luis Miguel Rojas
|
Pitching: RHP Luis Miguel Rojas
|
|
Batting: RHB Tyrone Scott
|
0-0: Foul Ball, location: 2F 0-1: Called Strike 0-2: Ball 1-2: Ball 2-2: Fly out, F7 (Line Drive, 7D)
|
Batting: RHB Roberto Ramírez
|
0-0: Ball 1-0: Ball 2-0: Ball 3-0: Called Strike 3-1: Base on Balls
|
Batting: LHB César Durán
|
0-0: Called Strike 0-1: Ball 1-1: 2-RUN HOME RUN (Flyball, 89XD), Distance : 412 ft
|
Batting: RHB Félix Rodríguez
|
0-0: Ground out 5-3 (Groundball, 5S)
|
Batting: LHB Leonardo López
|
0-0: Ball 1-0: Called Strike 1-1: Ground out U3 (Groundball, 3)
|
Bottom of the 1st over - 2 run(s), 1 hit(s), 0 error(s), 0 left on base; Rocky Mountain 3 - Hartford 2 |
TOP OF THE 2ND |
Rocky Mountain Nuggets batting - Pitching for Hartford Whalers : LHP Orlando Martínez
|
Batting: SHB Quan Ge
|
0-0: Ball 1-0: Ball 2-0: Called Strike 2-1: SINGLE (Line Drive, 56D)
|
Batting: RHB Luis Miguel Rojas
|
0-0: Ball 1-0: SINGLE (Line Drive, 34) Quan Ge to second
|
Batting: RHB Mike Green
|
0-0: Ball 1-0: Ball 2-0: Ball 3-0: Base on Balls Quan Ge to third Luis Miguel Rojas to second
|
Batting: LHB Keith McKnight
|
0-0: Ball 1-0: Foul Ball, location: 2F 1-1: Swinging Strike 1-2: Ball 2-2: Strikes out swinging
|
Batting: RHB David Verhoeve
|
0-0: Called Strike 0-1: Ball 1-1: Swinging Strike 1-2: Strikes out swinging
|
Batting: SHB Charles Waller
|
0-0: Foul Ball, location: 2F 0-1: Foul Ball, location: 2F 0-2: Ball 1-2: Fly out, F9 (Flyball, 9M)
|
Top of the 2nd over - 0 run(s), 2 hit(s), 0 error(s), 3 left on base; Rocky Mountain 3 - Hartford 2 |
BOTTOM OF THE 2ND |
Hartford Whalers batting - Pitching for Rocky Mountain Nuggets : RHP Luis Miguel Rojas
|
Batting: RHB Akahele Kimokeo
|
0-0: Ball 1-0: Called Strike 1-1: Ground out 6-3 (Groundball, 6)
|
Batting: LHB Frank Parks
|
0-0: Called Strike 0-1: Ball 1-1: Swinging Strike 1-2: Ball 2-2: SINGLE (Groundball, 56D)
|
Batting: LHB Bill Burgess
|
0-0: Called Strike 0-1: Ball 1-1: Swinging Strike 1-2: Ball 2-2: Grounds into double play, 4-3-6 (Groundball, 34)
|
Bottom of the 2nd over - 0 run(s), 1 hit(s), 0 error(s), 0 left on base; Rocky Mountain 3 - Hartford 2 |
TOP OF THE 3RD |
Rocky Mountain Nuggets batting - Pitching for Hartford Whalers : LHP Orlando Martínez
|
Batting: RHB Juan Ávila
|
0-0: Called Strike 0-1: Ball 1-1: Foul Ball, location: 2F 1-2: Ball 2-2: Ball 3-2: Foul Ball, location: 2F 3-2: Strikes out looking
|
Batting: SHB Jim Morris
|
0-0: Fly out, F9 (Flyball, 9S)
|
Batting: RHB Mark Melton
|
0-0: Fly out, F6 (Popup, 56D)
|
Top of the 3rd over - 0 run(s), 0 hit(s), 0 error(s), 0 left on base; Rocky Mountain 3 - Hartford 2 |
BOTTOM OF THE 3RD |
Hartford Whalers batting - Pitching for Rocky Mountain Nuggets : RHP Luis Miguel Rojas
|
Batting: LHB Orlando Martínez
|
0-0: Called Strike 0-1: SINGLE (Flyball, 89M)
|
Batting: RHB Tyrone Scott
|
0-0: Ball 1-0: Foul Ball, location: 2F 1-1: Called Strike 1-2: Ball 2-2: Strikes out swinging
|
Batting: RHB Roberto Ramírez
|
0-0: Ball 1-0: Grounds into double play, 6-4-3 (Groundball, 6)
|
Bottom of the 3rd over - 0 run(s), 1 hit(s), 0 error(s), 0 left on base; Rocky Mountain 3 - Hartford 2 |
TOP OF THE 4TH |
Rocky Mountain Nuggets batting - Pitching for Hartford Whalers : LHP Orlando Martínez
|
Batting: SHB Quan Ge
|
0-0: Ball 1-0: Foul Ball, location: 2F 1-1: Ball 2-1: Ground out 4-3 (Groundball, 4)
|
Batting: RHB Luis Miguel Rojas
|
0-0: Called Strike 0-1: Foul Ball, location: 2F 0-2: Fly out, F7 (Line Drive, 78M)
|
Batting: RHB Mike Green
|
0-0: Ground out 1-3 (Groundball, 23)
|
Top of the 4th over - 0 run(s), 0 hit(s), 0 error(s), 0 left on base; Rocky Mountain 3 - Hartford 2 |
BOTTOM OF THE 4TH |
Hartford Whalers batting - Pitching for Rocky Mountain Nuggets : RHP Luis Miguel Rojas
|
Batting: LHB César Durán
|
0-0: Called Strike 0-1: Foul Ball, location: 2F 0-2: Ball 1-2: Ball 2-2: Foul Ball, location: 2F 2-2: Ground out U3 (Groundball, 3L)
|
Batting: RHB Félix Rodríguez
|
0-0: Called Strike 0-1: Ground out 4-3 (Groundball, 4M)
|
Batting: LHB Leonardo López
|
0-0: Called Strike 0-1: Foul Ball, location: 2F 0-2: Strikes out swinging
|
Bottom of the 4th over - 0 run(s), 0 hit(s), 0 error(s), 0 left on base; Rocky Mountain 3 - Hartford 2 |
TOP OF THE 5TH |
Rocky Mountain Nuggets batting - Pitching for Hartford Whalers : LHP Orlando Martínez
|
Batting: LHB Keith McKnight
|
0-0: Ball 1-0: Ball 2-0: Called Strike 2-1: Ground out U3 (Groundball, 3L)
|
Batting: RHB David Verhoeve
|
0-0: Ball 1-0: Ball 2-0: Ball 3-0: Base on Balls
|
Batting: SHB Charles Waller
|
0-0: Ball David Verhoeve is caught stealing 2nd base 1-0: Fly out, F5 (Popup, 5SF)
|
Top of the 5th over - 0 run(s), 0 hit(s), 0 error(s), 0 left on base; Rocky Mountain 3 - Hartford 2 |
BOTTOM OF THE 5TH |
Hartford Whalers batting - Pitching for Rocky Mountain Nuggets : RHP Luis Miguel Rojas
|
Batting: RHB Akahele Kimokeo
|
0-0: Foul Ball, location: 2F 0-1: Called Strike 0-2: Foul Ball, location: 2F 0-2: Ball 1-2: Ball 2-2: Fly out, F7 (Flyball, 78D)
|
Batting: LHB Frank Parks
|
0-0: Called Strike 0-1: Called Strike 0-2: Foul Ball, location: 2F 0-2: Ball 1-2: Foul Ball, location: 2F 1-2: Strikes out looking
|
Batting: LHB Bill Burgess
|
0-0: Called Strike 0-1: Foul Ball, location: 2F 0-2: Foul Ball, location: 2F 0-2: Strikes out looking
|
Bottom of the 5th over - 0 run(s), 0 hit(s), 0 error(s), 0 left on base; Rocky Mountain 3 - Hartford 2 |
TOP OF THE 6TH |
Rocky Mountain Nuggets batting - Pitching for Hartford Whalers : LHP Orlando Martínez
|
Batting: RHB Juan Ávila
|
0-0: SINGLE (Line Drive, 6MD)
|
Batting: SHB Jim Morris
|
0-0: Swinging Strike 0-1: Swinging Strike 0-2: Foul Ball, location: 2F 0-2: Ball 1-2: Foul Ball, location: 2F 1-2: Strikes out swinging
|
Batting: RHB Mark Melton
|
0-0: Ball 1-0: SINGLE (Line Drive, 9LM) Juan Ávila to second
|
Batting: SHB Quan Ge
|
0-0: SINGLE (Groundball, 56D) Juan Ávila to third Mark Melton to second
|
Batting: RHB Luis Miguel Rojas
|
0-0: Ball 1-0: Foul Ball, location: 2F 1-1: Swinging Strike 1-2: Ball 2-2: Ground out 6-3 (Groundball, 6MD) Juan Ávila scores Mark Melton to third Quan Ge to second
|
Batting: RHB Mike Green
|
0-0: Ball 1-0: Ball 2-0: Ball 3-0: Foul Ball, location: 2F 3-1: Swinging Strike 3-2: Base on Balls
|
Batting: LHB Keith McKnight
|
0-0: Ball 1-0: Foul Ball, location: 2F 1-1: Foul Ball, location: 2F 1-2: Ground out 3-1 (Groundball, 3D)
|
Top of the 6th over - 1 run(s), 3 hit(s), 0 error(s), 3 left on base; Rocky Mountain 4 - Hartford 2 |
BOTTOM OF THE 6TH |
Hartford Whalers batting - Pitching for Rocky Mountain Nuggets : RHP Luis Miguel Rojas
|
Pinch Hitting: SHB Robert Shelby
|
0-0: Called Strike 0-1: Ball 1-1: Ground out 6-3 (Groundball, 6M)
|
Batting: RHB Tyrone Scott
|
0-0: Foul Ball, location: 2F 0-1: Foul Ball, location: 2F 0-2: Hit by Pitch
|
Batting: RHB Roberto Ramírez
|
0-0: Called Strike 0-1: Foul Ball, location: 2F 0-2: Grounds into double play, 6-4-3 (Groundball, 6M)
|
Bottom of the 6th over - 0 run(s), 0 hit(s), 0 error(s), 0 left on base; Rocky Mountain 4 - Hartford 2 |
TOP OF THE 7TH |
Rocky Mountain Nuggets batting - Pitching for Hartford Whalers : LHP Orlando Martínez
|
Pitching: RHP Jeff Macías
|
|
Batting: RHB David Verhoeve
|
0-0: Fly out, F2 (Popup, 23F)
|
Batting: SHB Charles Waller
|
0-0: Ball 1-0: Ball 2-0: Swinging Strike 2-1: Ball 3-1: SINGLE (Groundball, 34S)
|
Batting: RHB Juan Ávila
|
0-0: Foul Ball, location: 2F 0-1: Swinging Strike 0-2: Fly out, F8 (Flyball, 8LM)
|
Batting: SHB Jim Morris
|
0-0: Foul Ball, location: 2F 0-1: Foul Ball, location: 2F 0-2: Ball 1-2: Foul Ball, location: 2F 1-2: Ball 2-2: Fly out, F8 (Flyball, 8RS)
|
Top of the 7th over - 0 run(s), 1 hit(s), 0 error(s), 1 left on base; Rocky Mountain 4 - Hartford 2 |
BOTTOM OF THE 7TH |
Hartford Whalers batting - Pitching for Rocky Mountain Nuggets : RHP Luis Miguel Rojas
|
Batting: LHB César Durán
|
0-0: Ball 1-0: Ball 2-0: Ball 3-0: Called Strike 3-1: Fly out, F6 (Popup, 56D)
|
Batting: RHB Félix Rodríguez
|
0-0: Foul Ball, location: 2F 0-1: Ball 1-1: Ball 2-1: Foul Ball, location: 2F 2-2: Fly out, F3 (Popup, 3F)
|
Batting: LHB Leonardo López
|
0-0: Ball 1-0: Ball 2-0: Called Strike 2-1: Ball 3-1: Ground out U3 (Groundball, 3S)
|
Bottom of the 7th over - 0 run(s), 0 hit(s), 0 error(s), 0 left on base; Rocky Mountain 4 - Hartford 2 |
TOP OF THE 8TH |
Rocky Mountain Nuggets batting - Pitching for Hartford Whalers : RHP Jeff Macías
|
Batting: RHB Mark Melton
|
0-0: Ground out 4-3 (Groundball, 13)
|
Batting: SHB Quan Ge
|
0-0: Ball 1-0: Ball 2-0: Foul Ball, location: 2F 2-1: Ground out 6-3 (Groundball, 6M)
|
Pinch Hitting: LHB Peter Paul
|
0-0: Foul Ball, location: 2F 0-1: Ball 1-1: Foul Ball, location: 2F 1-2: Ball 2-2: Strikes out swinging
|
Top of the 8th over - 0 run(s), 0 hit(s), 0 error(s), 0 left on base; Rocky Mountain 4 - Hartford 2 |
BOTTOM OF THE 8TH |
Hartford Whalers batting - Pitching for Rocky Mountain Nuggets : RHP Luis Miguel Rojas
|
Pitching: RHP Richard Davis
|
|
Batting: RHB Akahele Kimokeo
|
0-0: Called Strike 0-1: Foul Ball, location: 2F 0-2: Ball 1-2: Ball 2-2: SOLO HOME RUN (Flyball, 78XD), Distance : 424 ft
|
Pitching: LHP Tommy Blevins
|
|
Batting: LHB Frank Parks
|
0-0: Foul Ball, location: 2F 0-1: Swinging Strike 0-2: Strikes out swinging
|
Batting: LHB Bill Burgess
|
0-0: Foul Ball, location: 2F 0-1: Ball 1-1: Ground out 4-3 (Groundball, 4)
|
Pinch Hitting: RHB Mike McDonald
|
0-0: Ball 1-0: Swinging Strike 1-1: Ball 2-1: Hit by Pitch
|
Batting: RHB Tyrone Scott
|
0-0: Fly out, F7 (Popup, 78S)
|
Bottom of the 8th over - 1 run(s), 1 hit(s), 0 error(s), 1 left on base; Rocky Mountain 4 - Hartford 3 |
TOP OF THE 9TH |
Rocky Mountain Nuggets batting - Pitching for Hartford Whalers : RHP Jeff Macías
|
Pitching: RHP Esteban Arroyo
|
|
Batting: RHB Mike Green
|
0-0: Ground out 6-3 (Groundball, 6)
|
Batting: LHB Keith McKnight
|
0-0: Ball 1-0: Ball 2-0: Foul Ball, location: 2F 2-1: Fly out, F9 (Flyball, 9M)
|
Batting: RHB David Verhoeve
|
0-0: Called Strike 0-1: Ground out 6-3 (Groundball, 6)
|
Top of the 9th over - 0 run(s), 0 hit(s), 0 error(s), 0 left on base; Rocky Mountain 4 - Hartford 3 |
BOTTOM OF THE 9TH |
Hartford Whalers batting - Pitching for Rocky Mountain Nuggets : LHP Tommy Blevins
|
Batting: RHB Roberto Ramírez
|
0-0: Called Strike 0-1: DOUBLE (Groundball, 5L)
|
Pinch Hitting: SHB Julian Anthony
|
0-0: Called Strike 0-1: Swinging Strike 0-2: Ball 1-2: Strikes out swinging
|
Batting: RHB Félix Rodríguez
|
0-0: Fly out, F7 (Line Drive, 7M)
|
Batting: LHB Leonardo López
|
0-0: Ball 1-0: Foul Ball, location: 2F 1-1: Ball 2-1: Called Strike 2-2: Strikes out looking
|
Bottom of the 9th over - 0 run(s), 1 hit(s), 0 error(s), 1 left on base; Rocky Mountain 4 - Hartford 3 |
|